Kings vs Avalanche

Created - April 8, 2024 at 21:07

Goals
1 2 3 OT1 T
Kings 0 2 1 1 4
Avalanche 0 0 3 0 3
Shots
1 2 3 OT1 T
Kings 9 12 10 6 37
Avalanche 8 24 15 5 52

GoalsPenalties
1st period
No Goal
No Penalty
2nd period
1. Kings , Derek Ryan 1 (Evander Kane 1, Nick Jensen 1) at 4:50
2. Kings , Nick Jensen 1 (Victor Olofsson 1, Kirill Marchenko 1) at 9:28
Kirill Marchenko (LOS) for Hooking (Minor) at 4:52
Kirill Marchenko (LOS) for Hooking (Minor) at 12:56
Nick Jensen (LOS) for Tripping (Minor) at 13:04
3rd period
3. Avalanche , Mikko Rantanen 1 (Artem Zub 1, Tim Stutzle 1) at 3:11
4. Avalanche , Jonathan Toews 1 (Nick Bjugstad 1, Michael Anderson 1) at 6:44
5. Avalanche , Max Pacioretty 1 (Artem Zub 2, Alexandre Carrier 1) at 14:18 (PP)
6. Kings , Evander Kane 1 (Derek Ryan 1) at 14:32
Tomas Nosek (LOS) for Hooking (Minor) at 12:22
Artem Zub (COL) for Roughing (Minor) at 15:40
Overtime #1
7. Kings , Cole Sillinger 1 (Joel Edmundson 1, Victor Olofsson 2) at 7:21 (PP)
David Savard (LOS) for High sticking (Minor) at 3:13
Travis Sanheim (COL) for Hooking (Minor) at 7:04
Goalie Stats
Tristan Jarry (LOS), 49 saves from 52 shots - (0.942), W, 1-0-0, 67:22 minutes
Stuart Skinner (COL), 33 saves from 37 shots - (0.892), OTL, 0-0-1, 67:22 minutes
3 StarsOfficial
1 - Evander Kane (LOS)
2 - Derek Ryan (LOS)
3 - Tristan Jarry (LOS)
Referees : Ben O'Quinn and Steve Kozari
Linesman : Stephen Drain and Darren Gibbs
Game Note
No Game Note
Finance
Level 1 -- Attendance: 6500 (100.00%) -- Ticket Income $663,000
Level 2 -- Attendance: 5000 (100.00%) -- Ticket Income $375,000
Level 3 -- Attendance: 3500 (100.00%) -- Ticket Income $192,500
Level 4 -- Attendance: 2007 (100.00%) -- Ticket Income $90,315
Luxury Box -- Attendance: 970 (97.00%) -- Ticket Income $194,000
Game was played at the Pepsi Center.
Total Attendance: 17977 (99.83%)
Total Ticket Income: $1,514,815
Other Income: $378,704
Total Income: $1,893,519



Team Name Goals Shots Shots Attemp Shots Blocked PIM HIT PP PK FO%
Kings 437861910381 / 2 (50%)143%
Avalanche 35210694301 / 5 (20%)157%

Kings
Player Name POS G A P +/- PIM HIT SHT SB MP PP MP PP SHT PK MP PK SHT FO% FOT
Cole SillingerC1010062019:470:5711:18045% 31
David KrejciC000000104:510:0000:000100% 1
David SavardD000-1241325:430:4003:0200% 0
Derek RyanC1122003320:021:1901:27032% 28
Evander KaneLW1122064118:351:1900:00050% 2
Ilya MikheyevRW000-1011021:180:3903:13040% 5
Joel EdmundsonD0111041422:201:3713:2900% 0
Jonny BrodzinskiC000000104:510:0000:00057% 7
Kailer YamamotoRW000-1023018:230:5700:00050% 2
Kirill MarchenkoRW0110423018:270:5700:0000% 0
Mike ReillyD000-1062226:190:0004:1700% 0
Nick JensenD1121211320:230:0003:0900% 0
Rasmus RistolainenD0001042119:560:3901:2800% 0
Timothy LiljegrenD0001014218:250:0000:3600% 0
Tomas NosekLW000-1212020:370:0003:12048% 25
Tyler BertuzziLW0002005018:591:1900:2400% 1
Tyler MotteC000000009:280:0004:370100% 1
Victor OlofssonLW0220001018:290:5700:00033% 3
Avalanche
Player Name POS G A P +/- PIM HIT SHT SB MP PP MP PP SHT PK MP PK SHT FO% FOT
Adam HenriqueC0000009017:440:0000:34061% 18
Alexandre CarrierD0110042024:503:2810:0000% 0
Artem ZubD0221261121:223:2800:1700% 0
Blake WheelerRW000-1022115:170:4010:0000% 1
Colton ParaykoD000-2041228:584:3311:1500% 0
Connor DewarC000000106:560:0001:420100% 1
Jonathan ToewsC101000506:560:0001:42042% 12
Josh NorrisC000-1004018:444:0720:00061% 28
Max PaciorettyLW1010033020:573:4720:00050% 4
Michael AndersonD0110030117:010:0000:4400% 0
Mikko RantanenRW1010017024:114:0710:0000% 2
Nick BjugstadC011001005:480:0000:3400% 0
Tim StutzleLW0110002023:583:5400:0000% 2
Travis SanheimD000-2202123:524:3321:1500% 0
Troy TerryRW000-1002014:370:0000:0000% 2
Tyler MyersD0001010218:390:0001:0100% 0
Vincent TrocheckC0000058123:583:5450:00068% 34
Vladimir TarasenkoRW0000003020:443:3410:00050% 2



Play-by-Play

1st period


0:01 of 1st period - Vincent Trocheck wins face-off versus Derek Ryan in neutral zone.
0:34 of 1st period - Shot by Evander Kane.
0:34 of 1st period - Stopped by Stuart Skinner without a rebound.
0:35 of 1st period - Tomas Nosek wins face-off versus Max Pacioretty in Avalanche zone.
0:35 of 1st period - Tomas Nosek is hit by Artem Zub.
1:10 of 1st period - Tomas Nosek is hit by Tyler Myers and loses puck.
1:15 of 1st period - Shot by Tomas Nosek.
1:15 of 1st period - Shot Misses the Net.
1:17 of 1st period - Shot by Tomas Nosek.
1:17 of 1st period - Stopped by Stuart Skinner with a rebound.
1:19 of 1st period - Shot by Nick Jensen.
1:19 of 1st period - Shot Misses the Net.
1:46 of 1st period - Victor Olofsson is hit by Artem Zub and loses puck.
1:54 of 1st period - Kirill Marchenko is hit by Artem Zub and loses puck.
2:03 of 1st period - Shot by Kirill Marchenko.
2:03 of 1st period - Shot Misses the Net.
2:05 of 1st period - Shot by Cole Sillinger.
2:05 of 1st period - Stopped by Stuart Skinner without a rebound.
2:06 of 1st period - Josh Norris wins face-off versus Jonny Brodzinski in Avalanche zone.
2:25 of 1st period - Shot by Mike Reilly.
2:25 of 1st period - Stopped by Stuart Skinner without a rebound.
2:26 of 1st period - Vincent Trocheck wins face-off versus Derek Ryan in Avalanche zone.
2:54 of 1st period - Off-side.
2:55 of 1st period - Cole Sillinger wins face-off versus Josh Norris in neutral zone.
3:16 of 1st period - Shot by Josh Norris.
3:16 of 1st period - Deflect By Troy Terry.
3:16 of 1st period - Stopped by Tristan Jarry without a rebound.
3:17 of 1st period - Jonathan Toews wins face-off versus Tomas Nosek in Kings zone.
3:22 of 1st period - Shot by Travis Sanheim.
3:22 of 1st period - Shot Blocked by Rasmus Ristolainen.
3:24 of 1st period - Shot by Nick Bjugstad.
3:24 of 1st period - Shot Misses the Net.
3:28 of 1st period - Shot by Jonathan Toews.
3:28 of 1st period - Stopped by Tristan Jarry without a rebound.
3:29 of 1st period - Jonny Brodzinski wins face-off versus Josh Norris in Kings zone.
3:43 of 1st period - Alexandre Carrier is hit by David Savard and loses puck.
3:54 of 1st period - Shot by Josh Norris.
3:54 of 1st period - Shot Misses the Net.
3:56 of 1st period - Shot by Alexandre Carrier.
3:56 of 1st period - Shot Blocked by David Savard.
3:58 of 1st period - Shot by Troy Terry.
3:58 of 1st period - Shot Blocked by Mike Reilly.
4:00 of 1st period - Shot by Josh Norris.
4:00 of 1st period - Deflect By Blake Wheeler.
4:00 of 1st period - Shot Misses the Net.
4:02 of 1st period - Shot by Blake Wheeler.
4:02 of 1st period - Deflect By Troy Terry.
4:02 of 1st period - Shot Blocked by David Savard.
4:15 of 1st period - Blake Wheeler is hit by David Savard and loses puck.
4:44 of 1st period - Shot by Mikko Rantanen.
4:44 of 1st period - Stopped by Tristan Jarry without a rebound.
4:45 of 1st period - Jonathan Toews wins face-off versus Tyler Bertuzzi in Kings zone.
5:48 of 1st period - Icing by Rasmus Ristolainen.
5:49 of 1st period - Vincent Trocheck wins face-off versus Cole Sillinger in Kings zone.
5:49 of 1st period - Tim Stutzle is hit by Rasmus Ristolainen and loses puck.
5:55 of 1st period - Cole Sillinger is hit by Alexandre Carrier and loses puck.
5:58 of 1st period - Shot by Victor Olofsson.
5:58 of 1st period - Deflect By Kirill Marchenko.
5:58 of 1st period - Shot Hit the Post.
6:00 of 1st period - Shot by Kirill Marchenko.
6:00 of 1st period - Shot Misses the Net.
6:02 of 1st period - Shot by Timothy Liljegren.
6:02 of 1st period - Stopped by Stuart Skinner without a rebound.
6:03 of 1st period - Adam Henrique wins face-off versus Tomas Nosek in Avalanche zone.
6:56 of 1st period - David Savard is hit by Michael Anderson and loses puck.
7:18 of 1st period - Kailer Yamamoto is hit by Vincent Trocheck and loses puck.
8:06 of 1st period - Artem Zub is hit by Cole Sillinger and loses puck.
8:23 of 1st period - Off-side.
8:24 of 1st period - Adam Henrique wins face-off versus Derek Ryan in neutral zone.
8:24 of 1st period - Adam Henrique is hit by Evander Kane.
8:38 of 1st period - Shot by Adam Henrique.
8:38 of 1st period - Stopped by Tristan Jarry without a rebound.
8:39 of 1st period - Jonny Brodzinski wins face-off versus Jonathan Toews in Kings zone.
8:43 of 1st period - Off-side.
8:44 of 1st period - Josh Norris wins face-off versus Derek Ryan in neutral zone.
8:51 of 1st period - Shot by Blake Wheeler.
8:51 of 1st period - Shot Blocked by Joel Edmundson.
9:46 of 1st period - Icing by Joel Edmundson.
9:47 of 1st period - Vincent Trocheck wins face-off versus Derek Ryan in Kings zone.
10:17 of 1st period - Vincent Trocheck is hit by David Savard and loses puck.
10:30 of 1st period - Shot by Victor Olofsson.
10:30 of 1st period - Shot Misses the Net.
10:32 of 1st period - Shot by Cole Sillinger.
10:32 of 1st period - Shot Misses the Net.
10:34 of 1st period - Shot by Mike Reilly.
10:34 of 1st period - Shot Blocked by Artem Zub.
10:36 of 1st period - Shot by Kirill Marchenko.
10:36 of 1st period - Stopped by Stuart Skinner with a rebound.
10:38 of 1st period - Shot by Mike Reilly.
10:38 of 1st period - Stopped by Stuart Skinner without a rebound.
10:39 of 1st period - Adam Henrique wins face-off versus Tomas Nosek in Avalanche zone.
10:52 of 1st period - Rasmus Ristolainen is hit by Max Pacioretty and loses puck.
11:46 of 1st period - Cole Sillinger is hit by Michael Anderson and loses puck.
12:38 of 1st period - Icing by Artem Zub.
12:39 of 1st period - Vincent Trocheck wins face-off versus Derek Ryan in Avalanche zone.
12:39 of 1st period - Vincent Trocheck is hit by Evander Kane.
13:13 of 1st period - Shot by Tyler Bertuzzi.
13:13 of 1st period - Stopped by Stuart Skinner without a rebound.
13:14 of 1st period - Adam Henrique wins face-off versus Tomas Nosek in Avalanche zone.
13:31 of 1st period - Shot by Adam Henrique.
13:31 of 1st period - Stopped by Tristan Jarry with a rebound.
14:15 of 1st period - Icing by Alexandre Carrier.
14:16 of 1st period - Connor Dewar wins face-off versus Cole Sillinger in Avalanche zone.
14:41 of 1st period - Shot by Rasmus Ristolainen.
14:41 of 1st period - Shot Misses the Net.
14:46 of 1st period - Icing by Alexandre Carrier.
14:47 of 1st period - Jonathan Toews wins face-off versus Derek Ryan in Avalanche zone.
14:47 of 1st period - Nick Bjugstad is hit by Evander Kane and loses puck.
15:02 of 1st period - Shot by Connor Dewar.
15:02 of 1st period - Shot Blocked by Derek Ryan.
15:04 of 1st period - Shot by Jonathan Toews.
15:04 of 1st period - Stopped by Tristan Jarry with a rebound.
15:06 of 1st period - Shot by Michael Anderson.
15:06 of 1st period - Shot Misses the Net.
15:42 of 1st period - Travis Sanheim is hit by Evander Kane and loses puck.
15:50 of 1st period - Off-side.
15:51 of 1st period - Adam Henrique wins face-off versus Cole Sillinger in neutral zone.
16:21 of 1st period - Shot by Victor Olofsson.
16:21 of 1st period - Deflect By Kirill Marchenko.
16:21 of 1st period - Stopped by Stuart Skinner with a rebound.
17:04 of 1st period - Josh Norris is hit by Mike Reilly and loses puck.
17:09 of 1st period - Shot by Josh Norris.
17:09 of 1st period - Stopped by Tristan Jarry without a rebound.
17:10 of 1st period - Jonny Brodzinski wins face-off versus Vincent Trocheck in Kings zone.
17:36 of 1st period - Shot by Mikko Rantanen.
17:36 of 1st period - Stopped by Tristan Jarry with a rebound.
18:03 of 1st period - Joel Edmundson is hit by Alexandre Carrier and loses puck.
18:23 of 1st period - Icing by Cole Sillinger.
18:24 of 1st period - Vladimir Tarasenko wins face-off versus Cole Sillinger in Kings zone.
18:53 of 1st period - Shot by Cole Sillinger.
18:53 of 1st period - Shot Misses the Net.
19:27 of 1st period - Icing by Evander Kane.
19:28 of 1st period - Vincent Trocheck wins face-off versus Derek Ryan in Kings zone.
19:33 of 1st period - Shot by Mikko Rantanen.
19:33 of 1st period - Shot Blocked by Derek Ryan.
Goals for this period are 0 for Kings vs 0 for Avalanche.
Shots for this period are 9 for Kings vs 8 for Avalanche.

2nd period


0:01 of 2nd period - Josh Norris wins face-off versus Tomas Nosek in neutral zone.
0:03 of 2nd period - Colton Parayko is hit by Mike Reilly and loses puck.
0:12 of 2nd period - Shot by Troy Terry.
0:12 of 2nd period - Shot Misses the Net.
0:34 of 2nd period - Shot by Josh Norris.
0:34 of 2nd period - Shot Misses the Net.
0:38 of 2nd period - Shot by Blake Wheeler.
0:38 of 2nd period - Stopped by Tristan Jarry without a rebound.
0:39 of 2nd period - Vincent Trocheck wins face-off versus Cole Sillinger in Kings zone.
0:46 of 2nd period - Shot by Mikko Rantanen.
0:46 of 2nd period - Stopped by Tristan Jarry without a rebound.
0:47 of 2nd period - Vincent Trocheck wins face-off versus Victor Olofsson in Kings zone.
0:48 of 2nd period - Shot by Artem Zub.
0:48 of 2nd period - Stopped by Tristan Jarry without a rebound.
0:49 of 2nd period - Vincent Trocheck wins face-off versus Cole Sillinger in Kings zone.
1:04 of 2nd period - Shot by Victor Olofsson.
1:04 of 2nd period - Deflect By Kirill Marchenko.
1:04 of 2nd period - Shot Misses the Net.
1:10 of 2nd period - Shot by Victor Olofsson.
1:10 of 2nd period - Shot Misses the Net.
1:12 of 2nd period - Shot by Timothy Liljegren.
1:12 of 2nd period - Stopped by Stuart Skinner without a rebound.
1:13 of 2nd period - Josh Norris wins face-off versus Kailer Yamamoto in Avalanche zone.
1:13 of 2nd period - Troy Terry is hit by Kailer Yamamoto and loses puck.
1:19 of 2nd period - Josh Norris is hit by Kailer Yamamoto and loses puck.
1:29 of 2nd period - Blake Wheeler is hit by Mike Reilly and loses puck.
1:40 of 2nd period - Shot by Troy Terry.
1:40 of 2nd period - Shot Hit the Post.
1:42 of 2nd period - Shot by Alexandre Carrier.
1:42 of 2nd period - Stopped by Tristan Jarry without a rebound.
1:43 of 2nd period - Vincent Trocheck wins face-off versus Derek Ryan in Kings zone.
1:46 of 2nd period - Shot by Vincent Trocheck.
1:46 of 2nd period - Shot Misses the Net.
1:50 of 2nd period - Shot by Vincent Trocheck.
1:50 of 2nd period - Shot Blocked by Joel Edmundson.
2:04 of 2nd period - Shot by Mikko Rantanen.
2:04 of 2nd period - Shot Misses the Net.
2:16 of 2nd period - Shot by Tim Stutzle.
2:16 of 2nd period - Stopped by Tristan Jarry with a rebound.
2:18 of 2nd period - Shot by Vincent Trocheck.
2:18 of 2nd period - Deflect By Mikko Rantanen.
2:18 of 2nd period - Stopped by Tristan Jarry with a rebound.
2:20 of 2nd period - Shot by Vincent Trocheck.
2:20 of 2nd period - Stopped by Tristan Jarry without a rebound.
2:21 of 2nd period - Tomas Nosek wins face-off versus Adam Henrique in Kings zone.
2:32 of 2nd period - Shot by Vladimir Tarasenko.
2:32 of 2nd period - Shot Blocked by David Savard.
2:34 of 2nd period - Shot by Michael Anderson.
2:34 of 2nd period - Shot Misses the Net.
2:36 of 2nd period - Shot by Adam Henrique.
2:36 of 2nd period - Stopped by Tristan Jarry without a rebound.
2:37 of 2nd period - Victor Olofsson wins face-off versus Josh Norris in Kings zone.
2:37 of 2nd period - Victor Olofsson is hit by Blake Wheeler.
3:17 of 2nd period - Shot by Victor Olofsson.
3:17 of 2nd period - Shot Misses the Net.
4:03 of 2nd period - Shot by Ilya Mikheyev.
4:03 of 2nd period - Shot Hit the Post.
4:38 of 2nd period - Off-side.
4:39 of 2nd period - Derek Ryan wins face-off versus Tim Stutzle in neutral zone.
4:50 of 2nd period - Shot by Evander Kane.
4:50 of 2nd period - Deflect By Derek Ryan.
4:50 of 2nd period - Goal by Derek Ryan - Kings : 1 - Avalanche : 0.
4:51 of 2nd period - Jonathan Toews wins face-off versus Cole Sillinger in neutral zone.
4:51 of 2nd period - Jonathan Toews is hit by Kirill Marchenko.
4:52 of 2nd period - Minor Penalty to Kirill Marchenko for Hooking.
4:53 of 2nd period - Vincent Trocheck wins face-off versus Tomas Nosek in Kings zone.
4:53 of 2nd period - Vincent Trocheck is hit by Joel Edmundson.
5:07 of 2nd period - Shot by Vladimir Tarasenko.
5:07 of 2nd period - Shot Misses the Net.
5:09 of 2nd period - Shot by Alexandre Carrier.
5:09 of 2nd period - Shot Misses the Net.
5:11 of 2nd period - Shot by Vincent Trocheck.
5:11 of 2nd period - Shot Misses the Net.
5:13 of 2nd period - Shot by Alexandre Carrier.
5:13 of 2nd period - Shot Misses the Net.
5:15 of 2nd period - Shot by Artem Zub.
5:15 of 2nd period - Shot Misses the Net.
5:17 of 2nd period - Shot by Vincent Trocheck.
5:17 of 2nd period - Stopped by Tristan Jarry with a rebound.
5:19 of 2nd period - Shot by Artem Zub.
5:19 of 2nd period - Shot Blocked by Joel Edmundson.
5:21 of 2nd period - Shot by Vincent Trocheck.
5:21 of 2nd period - Stopped by Tristan Jarry without a rebound.
5:22 of 2nd period - Ilya Mikheyev wins face-off versus Josh Norris in Kings zone.
5:45 of 2nd period - Shot by Max Pacioretty.
5:45 of 2nd period - Shot Misses the Net.
5:47 of 2nd period - Shot by Travis Sanheim.
5:47 of 2nd period - Stopped by Tristan Jarry without a rebound.
5:48 of 2nd period - Tomas Nosek wins face-off versus Vincent Trocheck in Kings zone.
5:57 of 2nd period - Shot by Vincent Trocheck.
5:57 of 2nd period - Stopped by Tristan Jarry without a rebound.
5:58 of 2nd period - Tomas Nosek wins face-off versus Josh Norris in Kings zone.
6:17 of 2nd period - David Savard is hit by Max Pacioretty and loses puck.
6:24 of 2nd period - Shot by Josh Norris.
6:24 of 2nd period - Stopped by Tristan Jarry without a rebound.
6:25 of 2nd period - Vincent Trocheck wins face-off versus Tomas Nosek in Kings zone.
6:39 of 2nd period - Shot by Tim Stutzle.
6:39 of 2nd period - Deflect By Vladimir Tarasenko.
6:39 of 2nd period - Stopped by Tristan Jarry without a rebound.
6:40 of 2nd period - Josh Norris wins face-off versus Derek Ryan in Kings zone.
6:57 of 2nd period - Shot by Jonathan Toews.
6:57 of 2nd period - Shot Misses the Net.
6:59 of 2nd period - Shot by Connor Dewar.
6:59 of 2nd period - Stopped by Tristan Jarry with a rebound.
7:01 of 2nd period - Shot by Jonathan Toews.
7:01 of 2nd period - Stopped by Tristan Jarry without a rebound.
7:02 of 2nd period - Vincent Trocheck wins face-off versus Derek Ryan in Kings zone.
7:03 of 2nd period - Shot by Mikko Rantanen.
7:03 of 2nd period - Shot Blocked by Evander Kane.
7:19 of 2nd period - Shot by Mikko Rantanen.
7:19 of 2nd period - Shot Blocked by Derek Ryan.
7:41 of 2nd period - Shot by Derek Ryan.
7:41 of 2nd period - Deflect By Evander Kane.
7:41 of 2nd period - Stopped by Stuart Skinner without a rebound.
7:42 of 2nd period - Cole Sillinger wins face-off versus Vladimir Tarasenko in Avalanche zone.
7:43 of 2nd period - Shot by Victor Olofsson.
7:43 of 2nd period - Shot Misses the Net.
8:15 of 2nd period - Shot by Vladimir Tarasenko.
8:15 of 2nd period - Stopped by Tristan Jarry with a rebound.
8:21 of 2nd period - Shot by Adam Henrique.
8:21 of 2nd period - Stopped by Tristan Jarry without a rebound.
8:22 of 2nd period - Josh Norris wins face-off versus Tomas Nosek in Kings zone.
8:23 of 2nd period - Shot by Troy Terry.
8:23 of 2nd period - Stopped by Tristan Jarry without a rebound.
8:24 of 2nd period - Derek Ryan wins face-off versus Vincent Trocheck in Kings zone.
8:38 of 2nd period - Mikko Rantanen is hit by Mike Reilly and loses puck.
8:52 of 2nd period - Shot by Vincent Trocheck.
8:52 of 2nd period - Shot Misses the Net.
9:02 of 2nd period - Shot by Derek Ryan.
9:02 of 2nd period - Stopped by Stuart Skinner without a rebound.
9:03 of 2nd period - Tomas Nosek wins face-off versus Max Pacioretty in Avalanche zone.
9:18 of 2nd period - Off-side.
9:19 of 2nd period - Josh Norris wins face-off versus Cole Sillinger in neutral zone.
9:19 of 2nd period - Troy Terry is hit by Cole Sillinger and loses puck.
9:24 of 2nd period - Shot by Kirill Marchenko.
9:24 of 2nd period - Shot Hit the Post.
9:26 of 2nd period - Shot by Victor Olofsson.
9:26 of 2nd period - Shot Misses the Net.
9:28 of 2nd period - Shot by Nick Jensen.
9:28 of 2nd period - Goal by Nick Jensen - Kings : 2 - Avalanche : 0.
9:29 of 2nd period - Tomas Nosek wins face-off versus Mikko Rantanen in neutral zone.
9:53 of 2nd period - Vincent Trocheck is hit by Rasmus Ristolainen and loses puck.
10:10 of 2nd period - Vincent Trocheck is hit by Timothy Liljegren.
10:25 of 2nd period - Vladimir Tarasenko is hit by Rasmus Ristolainen and loses puck.
10:32 of 2nd period - Shot by Adam Henrique.
10:32 of 2nd period - Stopped by Tristan Jarry without a rebound.
10:33 of 2nd period - Josh Norris wins face-off versus Derek Ryan in Kings zone.
10:34 of 2nd period - Shot by Artem Zub.
10:34 of 2nd period - Shot Blocked by Nick Jensen.
10:42 of 2nd period - Shot by Derek Ryan.
10:42 of 2nd period - Stopped by Stuart Skinner without a rebound.
10:43 of 2nd period - Cole Sillinger wins face-off versus Adam Henrique in Avalanche zone.
10:47 of 2nd period - Icing by Artem Zub.
10:48 of 2nd period - Cole Sillinger wins face-off versus Adam Henrique in Avalanche zone.
11:20 of 2nd period - Shot by Max Pacioretty.
11:20 of 2nd period - Shot Misses the Net.
11:22 of 2nd period - Shot by Adam Henrique.
11:22 of 2nd period - Shot Misses the Net.
11:32 of 2nd period - Shot by Vladimir Tarasenko.
11:32 of 2nd period - Deflect By Adam Henrique.
11:32 of 2nd period - Stopped by Tristan Jarry without a rebound.
11:33 of 2nd period - Josh Norris wins face-off versus Evander Kane in Kings zone.
11:44 of 2nd period - Icing by Evander Kane.
11:45 of 2nd period - Derek Ryan wins face-off versus Vincent Trocheck in Kings zone.
12:02 of 2nd period - Shot by Evander Kane.
12:02 of 2nd period - Shot Misses the Net.
12:04 of 2nd period - Shot by Mike Reilly.
12:04 of 2nd period - Shot Misses the Net.
12:06 of 2nd period - Shot by Derek Ryan.
12:06 of 2nd period - Shot Misses the Net.
12:43 of 2nd period - Off-side.
12:44 of 2nd period - Cole Sillinger wins face-off versus Josh Norris in neutral zone.
12:51 of 2nd period - Shot by Timothy Liljegren.
12:51 of 2nd period - Stopped by Stuart Skinner without a rebound.
12:52 of 2nd period - Cole Sillinger wins face-off versus Troy Terry in Avalanche zone.
12:52 of 2nd period - Joel Edmundson is hit by Colton Parayko and loses puck.
12:56 of 2nd period - Minor Penalty to Kirill Marchenko for Hooking.
12:57 of 2nd period - Josh Norris wins face-off versus Tomas Nosek in Kings zone.
13:04 of 2nd period - Shot by Colton Parayko.
13:04 of 2nd period - Stopped by Tristan Jarry without a rebound.
13:04 of 2nd period - Minor Penalty to Nick Jensen for Tripping.
13:05 of 2nd period - Vincent Trocheck wins face-off versus Tomas Nosek in Kings zone.
13:10 of 2nd period - Shot by Travis Sanheim.
13:10 of 2nd period - Shot Hit the Post.
13:26 of 2nd period - Shot by Travis Sanheim.
13:26 of 2nd period - Shot Blocked by Timothy Liljegren.
14:23 of 2nd period - Alexandre Carrier is hit by Ilya Mikheyev.
15:25 of 2nd period - Connor Dewar is hit by Cole Sillinger and loses puck.
15:35 of 2nd period - Kirill Marchenko is hit by Michael Anderson and loses puck.
15:56 of 2nd period - Rasmus Ristolainen is hit by Nick Bjugstad and loses puck.
16:06 of 2nd period - Icing by Timothy Liljegren.
16:07 of 2nd period - Josh Norris wins face-off versus Derek Ryan in Kings zone.
16:32 of 2nd period - Shot by Tyler Bertuzzi.
16:32 of 2nd period - Stopped by Stuart Skinner with a rebound.
16:40 of 2nd period - Shot by Evander Kane.
16:40 of 2nd period - Deflect By Tyler Bertuzzi.
16:40 of 2nd period - Stopped by Stuart Skinner without a rebound.
16:41 of 2nd period - Tomas Nosek wins face-off versus Adam Henrique in Avalanche zone.
16:41 of 2nd period - Tomas Nosek is hit by Colton Parayko.
16:57 of 2nd period - Shot by Adam Henrique.
16:57 of 2nd period - Stopped by Tristan Jarry without a rebound.
16:58 of 2nd period - Cole Sillinger wins face-off versus Vincent Trocheck in Kings zone.
17:11 of 2nd period - Shot by Victor Olofsson.
17:11 of 2nd period - Shot Misses the Net.
17:13 of 2nd period - Shot by Kirill Marchenko.
17:13 of 2nd period - Shot Blocked by Travis Sanheim.
17:49 of 2nd period - Travis Sanheim is hit by Cole Sillinger and loses puck.
18:03 of 2nd period - Off-side.
18:04 of 2nd period - Adam Henrique wins face-off versus Tomas Nosek in neutral zone.
18:39 of 2nd period - Shot by Vladimir Tarasenko.
18:39 of 2nd period - Deflect By Adam Henrique.
18:39 of 2nd period - Stopped by Tristan Jarry without a rebound.
18:40 of 2nd period - Derek Ryan wins face-off versus Josh Norris in Kings zone.
19:05 of 2nd period - Shot by Evander Kane.
19:05 of 2nd period - Shot Misses the Net.
19:07 of 2nd period - Shot by Timothy Liljegren.
19:07 of 2nd period - Stopped by Stuart Skinner without a rebound.
19:08 of 2nd period - David Krejci wins face-off versus Jonathan Toews in Avalanche zone.
19:11 of 2nd period - Shot by Tyler Motte.
19:11 of 2nd period - Deflect By Jonny Brodzinski.
19:11 of 2nd period - Stopped by Stuart Skinner without a rebound.
19:12 of 2nd period - Adam Henrique wins face-off versus Ilya Mikheyev in Avalanche zone.
19:39 of 2nd period - Shot by Ilya Mikheyev.
19:39 of 2nd period - Stopped by Stuart Skinner without a rebound.
19:40 of 2nd period - Derek Ryan wins face-off versus Josh Norris in Avalanche zone.
19:43 of 2nd period - Shot by Evander Kane.
19:43 of 2nd period - Shot Blocked by Blake Wheeler.
19:59 of 2nd period - Shot by Derek Ryan.
19:59 of 2nd period - Shot Misses the Net.
Goals for this period are 2 for Kings vs 0 for Avalanche.
Shots for this period are 12 for Kings vs 24 for Avalanche.

3rd period


0:01 of 3rd period - Vincent Trocheck wins face-off versus Jonny Brodzinski in neutral zone.
1:07 of 3rd period - Shot by Kailer Yamamoto.
1:07 of 3rd period - Stopped by Stuart Skinner without a rebound.
1:08 of 3rd period - Josh Norris wins face-off versus Derek Ryan in Avalanche zone.
1:52 of 3rd period - Shot by Tyler Bertuzzi.
1:52 of 3rd period - Stopped by Stuart Skinner without a rebound.
1:53 of 3rd period - Cole Sillinger wins face-off versus Adam Henrique in Avalanche zone.
2:00 of 3rd period - Shot by Kirill Marchenko.
2:00 of 3rd period - Stopped by Stuart Skinner without a rebound.
2:01 of 3rd period - Tomas Nosek wins face-off versus Adam Henrique in Avalanche zone.
2:06 of 3rd period - Shot by Ilya Mikheyev.
2:06 of 3rd period - Shot Misses the Net.
2:32 of 3rd period - Shot by Ilya Mikheyev.
2:32 of 3rd period - Deflect By Kailer Yamamoto.
2:32 of 3rd period - Stopped by Stuart Skinner without a rebound.
2:33 of 3rd period - Cole Sillinger wins face-off versus Tim Stutzle in Avalanche zone.
2:34 of 3rd period - Shot by Victor Olofsson.
2:34 of 3rd period - Shot Blocked by Tyler Myers.
2:41 of 3rd period - Tim Stutzle is hit by Mike Reilly and loses puck.
2:44 of 3rd period - Shot by Vincent Trocheck.
2:44 of 3rd period - Stopped by Tristan Jarry without a rebound.
2:45 of 3rd period - Josh Norris wins face-off versus Derek Ryan in Kings zone.
3:03 of 3rd period - Shot by Tyler Bertuzzi.
3:03 of 3rd period - Stopped by Stuart Skinner without a rebound.
3:04 of 3rd period - Vincent Trocheck wins face-off versus Cole Sillinger in Avalanche zone.
3:09 of 3rd period - Shot by Artem Zub.
3:09 of 3rd period - Shot Misses the Net.
3:11 of 3rd period - Shot by Mikko Rantanen.
3:11 of 3rd period - Goal by Mikko Rantanen - Kings : 2 - Avalanche : 1.
3:12 of 3rd period - Vincent Trocheck wins face-off versus Cole Sillinger in neutral zone.
3:12 of 3rd period - Mikko Rantanen is hit by Kirill Marchenko and loses puck.
3:21 of 3rd period - Shot by Mikko Rantanen.
3:21 of 3rd period - Shot Blocked by Mike Reilly.
3:23 of 3rd period - Shot by Mikko Rantanen.
3:23 of 3rd period - Stopped by Tristan Jarry without a rebound.
3:24 of 3rd period - Adam Henrique wins face-off versus Tomas Nosek in Kings zone.
3:24 of 3rd period - Adam Henrique is hit by Nick Jensen.
3:47 of 3rd period - Shot by Tomas Nosek.
3:47 of 3rd period - Shot Misses the Net.
3:53 of 3rd period - Shot by Ilya Mikheyev.
3:53 of 3rd period - Shot Misses the Net.
3:55 of 3rd period - Shot by Tomas Nosek.
3:55 of 3rd period - Stopped by Stuart Skinner without a rebound.
3:56 of 3rd period - Vincent Trocheck wins face-off versus Cole Sillinger in Avalanche zone.
4:13 of 3rd period - Shot by Tim Stutzle.
4:13 of 3rd period - Shot Misses the Net.
4:35 of 3rd period - Shot by Cole Sillinger.
4:35 of 3rd period - Shot Misses the Net.
4:39 of 3rd period - Shot by Kirill Marchenko.
4:39 of 3rd period - Shot Misses the Net.
5:28 of 3rd period - Icing by Rasmus Ristolainen.
5:29 of 3rd period - Evander Kane wins face-off versus Adam Henrique in Kings zone.
5:40 of 3rd period - Travis Sanheim is hit by Evander Kane.
6:35 of 3rd period - Shot by Jonathan Toews.
6:35 of 3rd period - Shot Blocked by Nick Jensen.
6:44 of 3rd period - Shot by Jonathan Toews.
6:44 of 3rd period - Goal by Jonathan Toews - Kings : 2 - Avalanche : 2.
6:45 of 3rd period - Cole Sillinger wins face-off versus Vincent Trocheck in neutral zone.
6:45 of 3rd period - Cole Sillinger is hit by Vincent Trocheck.
6:54 of 3rd period - Shot by Vincent Trocheck.
6:54 of 3rd period - Shot Misses the Net.
7:09 of 3rd period - Shot by Mikko Rantanen.
7:09 of 3rd period - Shot Misses the Net.
7:14 of 3rd period - Mike Reilly is hit by Vincent Trocheck and loses puck.
7:26 of 3rd period - Icing by Tyler Myers.
7:27 of 3rd period - Vincent Trocheck wins face-off versus Derek Ryan in Avalanche zone.
7:32 of 3rd period - Shot by Timothy Liljegren.
7:32 of 3rd period - Shot Misses the Net.
7:34 of 3rd period - Shot by Rasmus Ristolainen.
7:34 of 3rd period - Stopped by Stuart Skinner without a rebound.
7:35 of 3rd period - Derek Ryan wins face-off versus Josh Norris in Avalanche zone.
8:45 of 3rd period - Ilya Mikheyev is hit by Colton Parayko and loses puck.
9:17 of 3rd period - Blake Wheeler is hit by Joel Edmundson and loses puck.
9:32 of 3rd period - Shot by Kirill Marchenko.
9:32 of 3rd period - Shot Blocked by Michael Anderson.
9:38 of 3rd period - Joel Edmundson is hit by Max Pacioretty and loses puck.
9:46 of 3rd period - Max Pacioretty is hit by Joel Edmundson and loses puck.
9:52 of 3rd period - Vladimir Tarasenko is hit by Joel Edmundson and loses puck.
10:07 of 3rd period - Shot by Adam Henrique.
10:07 of 3rd period - Deflect By Vladimir Tarasenko.
10:07 of 3rd period - Stopped by Tristan Jarry without a rebound.
10:08 of 3rd period - Vincent Trocheck wins face-off versus Jonny Brodzinski in Kings zone.
10:43 of 3rd period - Shot by David Krejci.
10:43 of 3rd period - Stopped by Stuart Skinner without a rebound.
10:44 of 3rd period - Jonathan Toews wins face-off versus Ilya Mikheyev in Avalanche zone.
10:53 of 3rd period - Shot by Michael Anderson.
10:53 of 3rd period - Deflect By Jonathan Toews.
10:53 of 3rd period - Stopped by Tristan Jarry without a rebound.
10:54 of 3rd period - Max Pacioretty wins face-off versus Derek Ryan in Kings zone.
11:05 of 3rd period - Shot by Adam Henrique.
11:05 of 3rd period - Shot Misses the Net.
12:22 of 3rd period - Minor Penalty to Tomas Nosek for Hooking.
12:23 of 3rd period - Vincent Trocheck wins face-off versus Cole Sillinger in Kings zone.
12:38 of 3rd period - Shot by Vincent Trocheck.
12:38 of 3rd period - Shot Misses the Net.
12:40 of 3rd period - Shot by Travis Sanheim.
12:40 of 3rd period - Shot Misses the Net.
12:42 of 3rd period - Shot by Travis Sanheim.
12:42 of 3rd period - Stopped by Tristan Jarry without a rebound.
12:43 of 3rd period - Cole Sillinger wins face-off versus Josh Norris in Kings zone.
12:52 of 3rd period - Tyler Motte is hit by Blake Wheeler.
13:02 of 3rd period - Shot by Blake Wheeler.
13:02 of 3rd period - Stopped by Tristan Jarry without a rebound.
13:03 of 3rd period - Vincent Trocheck wins face-off versus Cole Sillinger in Kings zone.
13:30 of 3rd period - Shot by Vincent Trocheck.
13:30 of 3rd period - Stopped by Tristan Jarry without a rebound.
13:31 of 3rd period - Ilya Mikheyev wins face-off versus Mikko Rantanen in Kings zone.
13:42 of 3rd period - Shot by Alexandre Carrier.
13:42 of 3rd period - Stopped by Tristan Jarry without a rebound.
13:43 of 3rd period - Tyler Motte wins face-off versus Josh Norris in Kings zone.
13:43 of 3rd period - Tyler Motte is hit by Mikko Rantanen.
14:14 of 3rd period - Shot by Alexandre Carrier.
14:14 of 3rd period - Shot Misses the Net.
14:16 of 3rd period - Shot by Artem Zub.
14:16 of 3rd period - Shot Blocked by Joel Edmundson.
14:18 of 3rd period - Shot by Max Pacioretty.
14:18 of 3rd period - Goal by Max Pacioretty - Kings : 2 - Avalanche : 3.
14:19 of 3rd period - Derek Ryan wins face-off versus Jonathan Toews in neutral zone.
14:32 of 3rd period - Shot by Evander Kane.
14:32 of 3rd period - Goal by Evander Kane - Kings : 3 - Avalanche : 3.
14:33 of 3rd period - Cole Sillinger wins face-off versus Vincent Trocheck in neutral zone.
14:33 of 3rd period - Victor Olofsson is hit by Vincent Trocheck and loses puck.
15:23 of 3rd period - Icing by David Savard.
15:24 of 3rd period - Josh Norris wins face-off versus Cole Sillinger in Kings zone.
15:28 of 3rd period - Blake Wheeler is hit by Mike Reilly and loses puck.
15:40 of 3rd period - Minor Penalty to Artem Zub for Roughing.
15:41 of 3rd period - Derek Ryan wins face-off versus Jonathan Toews in Avalanche zone.
15:42 of 3rd period - Shot by Evander Kane.
15:42 of 3rd period - Shot Misses the Net.
16:06 of 3rd period - Shot by Derek Ryan.
16:06 of 3rd period - Shot Misses the Net.
16:27 of 3rd period - Icing by Kirill Marchenko.
16:28 of 3rd period - Cole Sillinger wins face-off versus Jonathan Toews in Kings zone.
17:56 of 3rd period - Shot by Tim Stutzle.
17:56 of 3rd period - Stopped by Tristan Jarry without a rebound.
17:57 of 3rd period - Josh Norris wins face-off versus Ilya Mikheyev in Kings zone.
18:04 of 3rd period - Shot by Troy Terry.
18:04 of 3rd period - Deflect By Josh Norris.
18:04 of 3rd period - Stopped by Tristan Jarry without a rebound.
18:05 of 3rd period - Jonny Brodzinski wins face-off versus Vincent Trocheck in Kings zone.
18:05 of 3rd period - Rasmus Ristolainen is hit by Vincent Trocheck and loses puck.
18:12 of 3rd period - Shot by Vincent Trocheck.
18:12 of 3rd period - Stopped by Tristan Jarry without a rebound.
18:13 of 3rd period - Adam Henrique wins face-off versus Cole Sillinger in Kings zone.
18:22 of 3rd period - Shot by Adam Henrique.
18:22 of 3rd period - Stopped by Tristan Jarry without a rebound.
18:23 of 3rd period - Tomas Nosek wins face-off versus Vincent Trocheck in Kings zone.
18:38 of 3rd period - Shot by Kailer Yamamoto.
18:38 of 3rd period - Shot Misses the Net.
18:40 of 3rd period - Shot by Ilya Mikheyev.
18:40 of 3rd period - Shot Blocked by Tyler Myers.
19:03 of 3rd period - Tyler Myers is hit by Tomas Nosek and loses puck.
19:30 of 3rd period - Shot by Victor Olofsson.
19:30 of 3rd period - Stopped by Stuart Skinner without a rebound.
19:31 of 3rd period - Max Pacioretty wins face-off versus Derek Ryan in Avalanche zone.
19:54 of 3rd period - Colton Parayko is hit by Evander Kane and loses puck.
Goals for this period are 1 for Kings vs 3 for Avalanche.
Shots for this period are 10 for Kings vs 15 for Avalanche.

Overtime #1


0:01 of 1st overtime period - Tomas Nosek wins face-off versus Blake Wheeler in neutral zone.
0:11 of 1st overtime period - Tomas Nosek is hit by Colton Parayko and loses puck.
0:18 of 1st overtime period - Shot by Ilya Mikheyev.
0:18 of 1st overtime period - Shot Misses the Net.
0:20 of 1st overtime period - Shot by Nick Jensen.
0:20 of 1st overtime period - Shot Blocked by Colton Parayko.
0:22 of 1st overtime period - Shot by Nick Jensen.
0:22 of 1st overtime period - Shot Blocked by Colton Parayko.
0:24 of 1st overtime period - Shot by Nick Jensen.
0:24 of 1st overtime period - Shot Misses the Net.
0:26 of 1st overtime period - Shot by Ilya Mikheyev.
0:26 of 1st overtime period - Deflect By Tomas Nosek.
0:26 of 1st overtime period - Shot Misses the Net.
0:36 of 1st overtime period - Shot by Kailer Yamamoto.
0:36 of 1st overtime period - Stopped by Stuart Skinner with a rebound.
1:01 of 1st overtime period - Mike Reilly is hit by Artem Zub and loses puck.
1:08 of 1st overtime period - Shot by Mikko Rantanen.
1:08 of 1st overtime period - Shot Misses the Net.
1:13 of 1st overtime period - Icing by Mike Reilly.
1:14 of 1st overtime period - Adam Henrique wins face-off versus Victor Olofsson in Kings zone.
1:31 of 1st overtime period - Shot by Max Pacioretty.
1:31 of 1st overtime period - Stopped by Tristan Jarry without a rebound.
1:32 of 1st overtime period - Derek Ryan wins face-off versus Vincent Trocheck in Kings zone.
1:41 of 1st overtime period - Shot by Tyler Bertuzzi.
1:41 of 1st overtime period - Shot Blocked by Vincent Trocheck.
1:47 of 1st overtime period - Shot by Tyler Bertuzzi.
1:47 of 1st overtime period - Shot Misses the Net.
1:49 of 1st overtime period - Shot by Rasmus Ristolainen.
1:49 of 1st overtime period - Stopped by Stuart Skinner without a rebound.
1:50 of 1st overtime period - Adam Henrique wins face-off versus Tomas Nosek in Avalanche zone.
2:18 of 1st overtime period - Shot by Vladimir Tarasenko.
2:18 of 1st overtime period - Shot Blocked by Nick Jensen.
2:56 of 1st overtime period - Shot by Vincent Trocheck.
2:56 of 1st overtime period - Shot Misses the Net.
3:04 of 1st overtime period - Shot by Evander Kane.
3:04 of 1st overtime period - Stopped by Stuart Skinner without a rebound.
3:05 of 1st overtime period - Josh Norris wins face-off versus Cole Sillinger in Avalanche zone.
3:05 of 1st overtime period - Josh Norris is hit by Cole Sillinger.
3:08 of 1st overtime period - Troy Terry is hit by Cole Sillinger and loses puck.
3:12 of 1st overtime period - Artem Zub is hit by David Savard and loses puck.
3:13 of 1st overtime period - Minor Penalty to David Savard for High sticking.
3:14 of 1st overtime period - Tomas Nosek wins face-off versus Vincent Trocheck in Kings zone.
3:58 of 1st overtime period - Shot by Max Pacioretty.
3:58 of 1st overtime period - Stopped by Tristan Jarry with a rebound.
4:00 of 1st overtime period - Shot by Artem Zub.
4:00 of 1st overtime period - Deflect By Mikko Rantanen.
4:00 of 1st overtime period - Stopped by Tristan Jarry with a rebound.
4:10 of 1st overtime period - Shot by Josh Norris.
4:10 of 1st overtime period - Stopped by Tristan Jarry without a rebound.
4:11 of 1st overtime period - Josh Norris wins face-off versus Derek Ryan in Kings zone.
4:15 of 1st overtime period - Josh Norris is hit by Rasmus Ristolainen and loses puck.
4:18 of 1st overtime period - Shot by Mikko Rantanen.
4:18 of 1st overtime period - Shot Misses the Net.
4:20 of 1st overtime period - Shot by Artem Zub.
4:20 of 1st overtime period - Shot Misses the Net.
4:22 of 1st overtime period - Shot by Alexandre Carrier.
4:22 of 1st overtime period - Shot Misses the Net.
4:30 of 1st overtime period - Shot by Artem Zub.
4:30 of 1st overtime period - Shot Misses the Net.
5:12 of 1st overtime period - Shot by Vincent Trocheck.
5:12 of 1st overtime period - Stopped by Tristan Jarry without a rebound.
5:13 of 1st overtime period - Cole Sillinger wins face-off versus Jonathan Toews in Kings zone.
5:46 of 1st overtime period - Icing by Timothy Liljegren.
5:47 of 1st overtime period - Vincent Trocheck wins face-off versus Cole Sillinger in Kings zone.
5:48 of 1st overtime period - Shot by Alexandre Carrier.
5:48 of 1st overtime period - Shot Blocked by Timothy Liljegren.
6:01 of 1st overtime period - Victor Olofsson is hit by Alexandre Carrier and loses puck.
6:34 of 1st overtime period - Evander Kane is hit by Alexandre Carrier and loses puck.
6:37 of 1st overtime period - Shot by Evander Kane.
6:37 of 1st overtime period - Deflect By Derek Ryan.
6:37 of 1st overtime period - Shot Misses the Net.
6:39 of 1st overtime period - Shot by Derek Ryan.
6:39 of 1st overtime period - Shot Misses the Net.
6:51 of 1st overtime period - Shot by David Savard.
6:51 of 1st overtime period - Stopped by Stuart Skinner without a rebound.
6:52 of 1st overtime period - Tomas Nosek wins face-off versus Troy Terry in Avalanche zone.
7:04 of 1st overtime period - Minor Penalty to Travis Sanheim for Hooking.
7:05 of 1st overtime period - Kailer Yamamoto wins face-off versus Jonathan Toews in Avalanche zone.
7:05 of 1st overtime period - Kirill Marchenko is hit by Artem Zub and loses puck.
7:11 of 1st overtime period - Kailer Yamamoto is hit by Artem Zub.
7:13 of 1st overtime period - Shot by Victor Olofsson.
7:13 of 1st overtime period - Shot Misses the Net.
7:15 of 1st overtime period - Shot by Joel Edmundson.
7:15 of 1st overtime period - Shot Misses the Net.
7:17 of 1st overtime period - Shot by Joel Edmundson.
7:17 of 1st overtime period - Stopped by Stuart Skinner with a rebound.
7:19 of 1st overtime period - Shot by Joel Edmundson.
7:19 of 1st overtime period - Shot Misses the Net.
7:21 of 1st overtime period - Shot by Cole Sillinger.
7:21 of 1st overtime period - Goal by Cole Sillinger - Kings : 4 - Avalanche : 3.
Goals for this period are 1 for Kings vs 0 for Avalanche.
Shots for this period are 6 for Kings vs 5 for Avalanche.